 Dungeon Crawl Stone Soup version 0.31.0 (webtiles) character file.

Game seed: 10055885928644089998

3044 qw the Fighter (level 9, -2/69 HPs)
             Began as a Gargoyle Hunter on Jan 19, 2024.
             Was a Follower of Okawaru.
             Slain by Jeremiah
             ... wielding a +4 vampiric trident
              (11 damage)
             ... on level 7 of the Dungeon.
             The game lasted 00:00:29 (5628 turns).

qw the Fighter (Gargoyle Hunter)                    Turns: 5628, Time: 00:00:29

Health: -2/69      AC: 14    Str: 14    XL:     9   Next: 86%
Magic:  11/11      EV: 12    Int: 11    God:    Okawaru [*.....]
Gold:   143        SH:  5    Dex: 17    Spells: 8/8 levels left

rFire   . . .        e - +0 longbow (elec)
rCold   . . .        (shield currently unavailable)
rNeg    + . .        i - +0 ring mail
rPois   inf          (no helmet)
rElec   +            j - +1 cloak
rCorr   .            (no gloves)
SInv    .            (no boots)
Will    .....        c - amulet of reflection
Stlth   +            (no ring)
HPRegen 0.31/turn    (no ring)
MPRegen 0.12/turn

%: reflection
@: about to teleport
A: sickness immunity, AC +6, negative energy resistance 1, electricity
resistance, torment resistance 1, petrification resistance
a: Renounce Religion, Heroism


You were on level 7 of the Dungeon.
You worshipped Okawaru.
Okawaru was aware of your devotion.
You visited 1 branch of the dungeon, and saw 7 of its levels.

You collected 143 gold pieces.


Innate Abilities, Weirdness & Mutations

You are immune to sickness and miasma.
Your stone body is resilient. (AC +6)
You are immune to poison.
You resist negative energy. (rN+)
You are resistant to electric shocks. (rElec)
You are resistant to unholy torment.
You are immune to petrification.


   Skills:
 - Level 14.0 Fighting
 - Level 11.5 Ranged Weapons
 + Level 2.8 Armour
 - Level 3.0 Dodging
 - Level 1.1 Stealth
 + Level 3.2 Invocations


You had 8 spell levels left.
You didn't know any spells.
Your spell library was empty.

Inventory:

Hand Weapons
 e - a +0 longbow of electrocution (weapon)
Armour
 i - a +0 ring mail (worn)
 j - a +1 cloak (worn)
Jewellery
 c - an amulet of reflection (around neck)
Wands
 h - a wand of mindburst (9)
Scrolls
 d - a scroll of teleportation
Potions
 b - 2 potions of mutation
 g - 2 potions of curing
 k - a potion of cancellation {unknown}

Dungeon Overview and Level Annotations

Branches:
Dungeon (7/15)             Temple (0/1) D:4

Altars:
Ashenzari
Elyvilon
Fedhas
Hepliaklqana
Okawaru
Qazlal
Trog
Xom
Yredelemnul

Shops:
D:1 [

Annotations:
D:3 1 transporter, qw's ghost, amateur GrHu
D:7 Jeremiah


Message History

Jeremiah hops!
You shoot an arrow. The arrow closely misses Jeremiah.
The butterfly disappears in a burst of colours!
You shoot an arrow. The arrow hits Jeremiah!
Jeremiah is moderately wounded.
The butterfly disappears in a burst of colours! x2
You shoot an arrow. The arrow hits Jeremiah!
Jeremiah is heavily wounded.
The butterfly disappears in a burst of colours!
The butterfly disappears in a burst of colours! x2
5616 ||| READING scroll of identify.
5616 ||| IDENTIFYING brown potion
As you read the scroll of identify, it crumbles to dust.
a - a potion of lignification The butterfly disappears in a burst of colours! x2
The butterfly disappears in a burst of colours! x2
Jeremiah barely misses you.
Jeremiah shouts, "Stop it!
Stop making me do this!"
Jeremiah hits you but does no damage.
Jeremiah shouts, "O dreadful one, destroy my foe!"
Something smites you! You block Jeremiah's attack. Jeremiah closely misses you.
The butterfly disappears in a burst of colours!
Jeremiah shouts, "O dreadful one, destroy my foe!"
Something smites you!
5625 ||| READING 2 scrolls of teleportation.
As you read the scroll of teleportation, it crumbles to dust.
You feel strangely unstable.
You feel like a meek peon again.
The butterfly disappears in a burst of colours!
Jeremiah closely misses you. Jeremiah barely misses you.
The butterfly disappears in a burst of colours!
You block Jeremiah's attack.
5628 ||| DROPPING potion of lignification.
You drop a potion of lignification.
Jeremiah hits you from afar with a +4 vampiric trident!
You die...
Jeremiah asks, "What happened?
Did... did you die?"

#######################
#...+......)b..@bbb...#
#...#......)..bbbF.bbb#
#...##'###########b.###
#...##....## .b#
#...'......# .0.#
#...#......# ...#
#...#......# ..F#
#...#......# b..'
#...##...### #.##.


You could see Jeremiah.

Vanquished Creatures
  Sigmund (D:3)
  A wyvern (D:6)
  2 water moccasins
  3 black bears
  2 ice beasts (D:5)
  3 ogres (D:5)
  A bullfrog (D:4)
  3 howler monkeys (D:7)
  4 crimson imps (D:5)
  5 orc priests
  4 hounds
  A jelly (D:5)
  A gnoll bouda (D:7)
  Jessica (D:2)
  2 iguanas
  5 orc wizards
  4 gnolls (D:7)
  7 adders
  A shadow imp (D:5)
  A white imp (D:4)
  2 ufetubi (D:5)
  A ribbon worm (D:5)
  11 orcs
  4 endoplasms
  4 giant cockroaches
  4 goblins
  5 hobgoblins
  6 jackals (D:2)
  6 quokkas
  6 ball pythons
  2 bats (D:3)
  3 frilled lizards (D:2)
  5 kobolds
  4 rats
115 creatures vanquished.

Notes
Turn   | Place    | Note
-------+----------+-------------------------------------------
     0 | D:1      | qw the Gargoyle Hunter began the quest for the Orb.
     0 | D:1      | Reached XP level 1. HP: 12/12 MP: 1/1
     0 | D:1      | 0 ||| qw: Version: 0.3-a-132-g3d54051
     0 | D:1      | 0 ||| qw: Game counter: 81
     0 | D:1      | 0 ||| qw: Melee chars always use a shield: true
     0 | D:1      | 0 ||| qw: God list: Okawaru
     0 | D:1      | 0 ||| qw: Allow faded altars: false
     0 | D:1      | 0 ||| qw: Do Orc after clearing Dungeon:15 true
     0 | D:1      | 0 ||| qw: Do second Lair branch before Depths: true
     0 | D:1      | 0 ||| qw: Lair rune preference: random
     0 | D:1      | 0 ||| qw: Goals: Normal
     0 | D:1      | 0 ||| PLANNING D:1-11
   158 | D:1      | Found a faded altar of an unknown god.
   242 | D:1      | Found Geanauth's Armour Emporium.
   251 | D:1      | 251 ||| SHOPLISTING +0 pair of boots (54 gold, have 20).
   251 | D:1      | 251 ||| SHOPLISTING +0 ring mail (48 gold, have 20).
   251 | D:1      | 251 ||| SHOPLISTING +1 pair of gloves of infusion (198
                  | gold, have 20).
   647 | D:1      | Reached XP level 2. HP: 17/17 MP: 2/2
   841 | D:1      | 841 ||| UPGRADING to +0 ring mail.
   851 | D:1      | 851 ||| DROPPING +0 leather armour.
   852 | D:1      | 852 ||| UPGRADING to +0 cloak.
   857 | D:1      | 857 ||| READING scroll labelled FEMUAG LUSKOX.
   958 | D:1      | 958 ||| READING scroll labelled SUIFOQ WILODYV.
   959 | D:1      | 959 ||| READING scroll labelled JABU MYRRAZOST.
   959 | D:1      | 959 ||| IDENTIFYING viscous brown potion
   960 | D:1      | 960 ||| READING scroll labelled ETET ZOPLELE.
   965 | D:1      | 965 ||| READING scroll labelled EZITISO KIDGHOHURYI.
   966 | D:1      | 966 ||| DROPPING scroll of butterflies.
   967 | D:1      | 967 ||| DROPPING potion of degeneration.
  1045 | D:2      | 1045 ||| STAIRDANCE
  1049 | D:2      | 1049 ||| STAIRDANCE
  1072 | D:2      | Reached skill level 1 in Armour
  1078 | D:2      | 1078 ||| STAIRDANCE
  1166 | D:2      | Reached XP level 3. HP: 21/21 MP: 3/3
  1218 | D:2      | 1218 ||| FLEEEEING.
  1252 | D:2      | Noticed Jessica
  1267 | D:2      | Killed Jessica
  1268 | D:2      | Reached skill level 3 in Fighting
  1268 | D:2      | Reached XP level 4. HP: 11/28 MP: 4/4
  1268 | D:2      | 1268 ||| FLEEEEING.
  1652 | D:2      | 1652 ||| READING scroll of identify.
  1652 | D:2      | 1652 ||| IDENTIFYING puce potion
  1653 | D:2      | 1653 ||| READING scroll labelled TIUSIN XEMEI.
  1653 | D:2      | 1653 ||| ENCHANTING +0 shortbow.
  1654 | D:2      | 1654 ||| DRINKING 2 metallic brown potions.
  1655 | D:2      | 1655 ||| DROPPING potion of berserk rage.
  1726 | D:3      | 1726 ||| READING scroll of enchant weapon.
  1726 | D:3      | 1726 ||| ENCHANTING +1 shortbow.
  1757 | D:3      | Found a transporter.
  1758 | D:3      | Noticed qw's ghost (amateur GrHu)
  1769 | D:3      | Identified the +2 dire flail of Greed {freeze, *Rage Dex+6}
  1769 | D:3      | Noticed an ogre
  1819 | D:3      | Noticed Sigmund
  1831 | D:3      | 1831 ||| DRINKING potion of curing.
  1831 | D:3      | 1831 ||| (to cure confusion)
  1832 | D:3      | Killed Sigmund
  1833 | D:3      | Reached skill level 6 in Ranged Weapons
  1833 | D:3      | Reached XP level 5. HP: 11/32 MP: 5/5
  1833 | D:3      | Reached XP level 6. HP: 13/37 MP: 6/6
  1833 | D:3      | 1833 ||| FLEEEEING.
  1941 | D:3      | Found a hazy altar of Hepliaklqana.
  2454 | D:3      | 2454 ||| READING scroll labelled BAUT KOSIS.
  2455 | D:3      | 2455 ||| FLEEEEING.
  2565 | D:3      | 2565 ||| DRINKING 2 cyan potions.
  2565 | D:3      | Reached skill level 14 in Fighting
  2565 | D:3      | Reached XP level 7. HP: 59/59 MP: 7/7
  2566 | D:3      | 2566 ||| DRINKING potion of experience.
  2566 | D:3      | Reached XP level 8. HP: 64/64 MP: 8/8
  2614 | D:4      | Found a broken altar of Ashenzari.
  2822 | D:4      | Found an iron altar of Okawaru.
  2823 | D:4      | 2823 ||| PLANNING OKAWARU WORSHIP
  2823 | D:4      | 2823 ||| READING scroll of identify.
  2823 | D:4      | 2823 ||| IDENTIFYING fizzy brown potion
  2831 | D:4      | Became a worshipper of Warmaster Okawaru
  2832 | D:4      | 2832 ||| PLANNING D:1-11
  2930 | D:4      | 2930 ||| SWAPPING to +0 longbow.
  2931 | D:4      | 2931 ||| DROPPING +2 shortbow.
  3068 | D:4      | 3068 ||| FLEEEEING.
  3069 | D:4      | 3069 ||| FLEEEEING.
  3147 | D:4      | Found a staircase to the Ecumenical Temple.
  3643 | D:5      | Entered Level 5 of the Dungeon
  3665 | D:5      | Found a stormy altar of Qazlal.
  3667 | D:5      | Found a blossoming altar of Fedhas.
  3795 | D:5      | Found a basalt altar of Yredelemnul.
  3821 | D:5      | Reached * piety under Okawaru
  3833 | D:5      | Reached XP level 9. HP: 55/69 MP: 9/9
  3833 | D:5      | 3833 ||| FLEEEEING.
  3842 | D:5      | 3842 ||| STAIRDANCE
  3962 | D:5      | 3962 ||| FLEEEEING.
  3963 | D:5      | 3963 ||| FLEEEEING.
  3964 | D:5      | 3964 ||| FLEEEEING.
  3965 | D:5      | 3965 ||| FLEEEEING.
  3966 | D:5      | 3966 ||| FLEEEEING.
  3967 | D:5      | 3967 ||| FLEEEEING.
  3974 | D:5      | 3974 ||| FLEEEEING.
  3975 | D:5      | 3975 ||| FLEEEEING.
  3976 | D:5      | 3976 ||| FLEEEEING.
  3977 | D:5      | 3977 ||| FLEEEEING.
  3978 | D:5      | 3978 ||| FLEEEEING.
  3979 | D:5      | 3979 ||| FLEEEEING.
  3980 | D:5      | 3980 ||| FLEEEEING.
  3986 | D:5      | 3986 ||| FLEEEEING.
  3987 | D:5      | 3987 ||| FLEEEEING.
  3988 | D:5      | 3988 ||| FLEEEEING.
  3989 | D:5      | 3989 ||| FLEEEEING.
  3990 | D:5      | 3990 ||| FLEEEEING.
  3991 | D:5      | 3991 ||| FLEEEEING.
  3995 | D:5      | 3995 ||| FLEEEEING.
  3996 | D:5      | 3996 ||| FLEEEEING.
  3997 | D:5      | 3997 ||| FLEEEEING.
  3998 | D:5      | 3998 ||| FLEEEEING.
  4000 | D:5      | 4000 ||| FLEEEEING.
  4001 | D:5      | 4001 ||| FLEEEEING.
  4002 | D:5      | 4002 ||| FLEEEEING.
  4004 | D:5      | 4004 ||| STAIRDANCE
  4038 | D:4      | 4038 ||| READING scroll labelled RITYFA BUROOCHY.
  4038 | D:4      | 4038 ||| ENCHANTING +0 cloak.
  4056 | D:5      | Reached skill level 1 in Invocations
  4085 | D:5      | Found a bloodstained altar of Trog.
  4149 | D:5      | Found a shimmering altar of Xom.
  4170 | D:5      | 4170 ||| FLEEEEING.
  4412 | D:5      | 4412 ||| READING scroll of identify.
  4412 | D:5      | 4412 ||| IDENTIFYING sapphire potion
  4413 | D:5      | 4413 ||| DROPPING potion of brilliance.
  4457 | D:5      | Found a white marble altar of Elyvilon.
  4637 | D:5      | Reached ** piety under Okawaru
  4933 | D:6      | 4933 ||| FLEEEEING.
  5270 | D:6      | 5270 ||| UPGRADING to amulet of regeneration.
  5275 | D:6      | 5275 ||| READING scroll labelled XUDALU ESETO.
  5275 | D:6      | 5275 ||| BRANDING +0 longbow.
  5276 | D:6      | 5276 ||| READING scroll labelled BECLEU RUBAOB.
  5277 | D:6      | 5277 ||| READING scroll labelled XIABAT MIEGU.
  5415 | D:7      | Reached skill level 3 in Dodging
  5476 | D:7      | Noticed Jeremiah
  5477 | D:7      | 5477 ||| INVOKING Heroism.
  5480 | D:7      | 5480 ||| RETREEEEATING.
  5493 | D:7      | 5493 ||| INVOKING Heroism.
  5497 | D:7      | 5497 ||| UPGRADING to amulet of reflection.
  5502 | D:7      | Reached skill level 3 in Invocations
  5518 | D:7      | 5518 ||| INVOKING Heroism.
  5522 | D:7      | 5522 ||| UPGRADING to amulet of reflection.
  5527 | D:7      | 5527 ||| FLEEEEING.
  5542 | D:7      | 5542 ||| INVOKING Heroism.
  5552 | D:7      | 5552 ||| UPGRADING to amulet of reflection.
  5565 | D:7      | 5565 ||| UPGRADING to amulet of reflection.
  5568 | D:7      | 5568 ||| INVOKING Heroism.
  5577 | D:7      | 5577 ||| UPGRADING to amulet of reflection.
  5587 | D:7      | 5587 ||| INVOKING Heroism.
  5601 | D:7      | 5601 ||| INVOKING Heroism.
  5602 | D:7      | 5602 ||| DROPPING amulet of regeneration.
  5616 | D:7      | 5616 ||| READING scroll of identify.
  5616 | D:7      | 5616 ||| IDENTIFYING brown potion
  5624 | D:7      | HP: 8/69 [Jeremiah/divine providence (11)]
  5625 | D:7      | 5625 ||| READING 2 scrolls of teleportation.
  5628 | D:7      | 5628 ||| DROPPING potion of lignification.
  5628 | D:7      | Slain by Jeremiah

Levels and vault maps discovered:
D:1:      minmay_arrival_split_and_join, layout_basic,
          chequers_ecumenical_altar_simple_redux, serial_shops, shop
D:2:      layout_rooms, uniq_jessica
D:3:      minmay_skewed_foursquare, layout_basic, nzn_hepliaklqana_mist_gate,
          gammafunk_ghost_smash, uniq_sigmund
D:4:      layout_basic, okawaru_metal_pillars_1_2, nicolae_ashenzari_panopticon,
          minmay_temple_entry_mini_moons
D:5:      layout_loops_ring, grunt_temple_overflow_forces_of_nature,
          yredelemnul_altar_generic, trog_book, led_xom_imps,
          nicolae_elyvilon_temple_path, minivault_23,
          hangedman_abyss_or_decor_lesser_grid
D:6:      layout_loops_ring
D:7:      layout_gridville, uniq_jeremiah

Skill      XL: |  1  2  3  4  5  6  7  8  9 |
---------------+----------------------------+-----
Armour         | 1 2 |  2.8
Ranged Weapons | 5 6 11 | 11.5
Fighting       | 3 14 | 14.0
Dodging        | 2 3 |  3.0
Invocations    | 3 |  3.2
Stealth        | |  1.1

Action                     |  1- 3 |  4- 6 |  7- 9 || total
---------------------------+-------+-------+-------++-------
   Fire: Shortbow          |   107 |    50 |    16 ||   173
         Longbow           |       |       |   218 ||   218
 Invoke: Heroism           |       |       |     7 ||     7
    Use: Scroll            |     5 |     4 |     8 ||    17
         Potion            |       |     3 |     1 ||     4
 Armour: Leather armour    |     4 |       |       ||     4
         Ring mail         |    65 |    12 |    94 ||   171
  Dodge: Dodged            |    53 |     5 |    75 ||   133
  Block: Other             |       |       |     5 ||     5

Table legend:
 A = Non-vault XP
 B = Vault XP
 C = Vault XP percentage of total XP
 D = Non-vault monster count
 E = Vault monster count
 F = Vault count percentage of total count
                 A         B        C        D         E       F
            +---------+---------+-------+---------+---------+-------
      Total |    2748 |     480 |  14.9 |     105 |      10 |   8.7
            +---------+---------+-------+---------+---------+-------
        D:1 |      13 |       0 |   0.0 |       8 |       0 |   0.0
        D:2 |      74 |      37 |  33.3 |      24 |       1 |   4.0
        D:3 |      32 |     247 |  88.5 |      12 |       5 |  29.4
        D:4 |     365 |       0 |   0.0 |      17 |       0 |   0.0
        D:5 |    1209 |     196 |  14.0 |      23 |       4 |  14.8
        D:6 |     523 |       0 |   0.0 |       9 |       0 |   0.0
        D:7 |     532 |       0 |   0.0 |      12 |       0 |   0.0
            +---------+---------+-------+---------+---------+-------
